AoeStats
← x.jingfu

Arena

509547491Analyzed
4v4 RM · 5d ago on Sep 27, 2026· 61m 59s· 8 players
Game mode
Random Map
Map size
Large (8 player)
Population
200
Speed
Normal
Resources
Standard
Victory
Conquest
Starting age
Dark Age
Ending age
Imperial Age
RankedLock teamsTeams togetherTeam positionsShared explorationLock speedFull tech treeHidden civsTurbo modeCheats
Victory
Defeat
🇨🇳 Danes · China
1308
+11
🇸🇪 Spanish · Sweden
1165
+16
🇲🇽 Turks · Mexico
1148
+17
🇨🇳 Byzantines · China
1052
+20
🇲🇽 Franks · Mexico
1224
-18
🇲🇽 Gurjaras · Mexico
1174
-16
🇲🇽 Mongols · Mexico
1172
-16
🇲🇽 Bohemians · Mexico
1114
-14
HY
5:14 Loom
10:48 Feudal Age
12:45 Double-Bit Axe
15:07 Castle Age
13:08 Horse Collar
17:44 Bow Saw
18:40 Wheelbarrow
21:52 Heavy Plow
22:11 Stone Mining
22:47 Fervor
23:25 Hand Cart
23:50 Stone Shaft Mining
23:40 Town Watch
24:29 Gold Mining
28:04 Gold Shaft Mining
30:15 Imperial Age
29:02 Coinage
28:36 Scale Mail Armor
28:26 Fletching
28:47 Forging
29:09 Squires
28:56 Arson
29:22 Pikeman
30:18 Chain Mail Armor
30:22 Halberdier
30:29 Halberdier
31:48 Iron Casting
30:47 Elite Jomsviking
30:51 Capped Ram
32:14 Plate Mail Armor
32:23 Banking
32:00 Siege Ram
33:59 Conscription
33:01 Northmen's Fury
33:05 Onager
33:32 Hamask
34:22 Siege Engineers
37:17 Blast Furnace
37:59 Siege Onager
39:49 Chemistry
38:46 Bodkin Arrow
43:07 Masonry
51:35 Bracer
51:35 Padded Archer Armor
x.jingfu
4:55 Loom
12:40 Feudal Age
13:46 Double-Bit Axe
16:49 Castle Age
14:55 Horse Collar
15:29 Stone Mining
16:04 Gold Mining
17:44 Bow Saw
19:49 Wheelbarrow
23:49 Padded Archer Armor
25:17 Town Watch
26:31 Bloodlines
28:32 Husbandry
29:39 Leather Archer Armor
31:32 Hand Cart
34:43 Imperial Age
33:20 Fletching
35:55 Scale Barding Armor
36:04 Forging
36:49 Town Patrol
37:34 Stone Shaft Mining
37:54 Chain Barding Armor
36:56 Cavalier
38:13 Iron Casting
37:48 Bodkin Arrow
39:25 Heavy Plow
42:06 Pikeman
42:47 Scale Mail Armor
43:48 Blast Furnace
43:08 Bracer
45:02 Chain Mail Armor
45:52 Plate Barding Armor
46:12 Squires
46:47 Conscription
47:10 Ring Archer Armor
46:30 Paladin
48:52 Plate Mail Armor
48:10 Gambesons
TaiwanIsChina's
11:01 Feudal Age
12:10 Double-Bit Axe
17:58 Castle Age
16:22 Horse Collar
17:05 Stone Mining
18:58 Bow Saw
21:31 Wheelbarrow
21:25 Fortified Wall
26:36 Imperial Age
25:52 Heavy Plow
26:21 Gold Mining
28:17 Chemistry
28:32 Two-Man Saw
28:50 Pikeman
29:32 Squires
30:11 Hand Cart
31:21 Crop Rotation
31:49 Scale Mail Armor
32:00 Forging
32:32 Conscription
34:31 Gold Shaft Mining
34:34 Iron Casting
34:15 Chain Mail Armor
35:06 Treadmill Crane
35:47 Ballistics
35:22 Murder Holes
36:11 Stone Shaft Mining
35:31 Loom
36:09 Caravan
37:25 Halberdier
41:24 Elite Skirmisher
42:00 Fletching
42:10 Padded Archer Armor
45:06 Leather Archer Armor
44:47 Bodkin Arrow
44:45 Capped Ram
47:18 Plate Mail Armor
47:18 Ring Archer Armor
46:49 Bracer
47:24 Coinage
46:45 Arson
47:08 Siege Ram
49:23 Scale Barding Armor
50:38 Hoardings
58:17 Banking
59:35 Chain Barding Armor
59:38 Elite Varangian Guard
Sprunger
11:41 Feudal Age
12:49 Double-Bit Axe
13:41 Loom
17:03 Castle Age
17:19 Town Watch
19:41 Bow Saw
20:07 Padded Archer Armor
25:53 Horse Collar
29:05 Leather Archer Armor
29:41 Wheelbarrow
31:18 Gold Mining
33:11 Leather Archer Armor
33:23 Heavy Plow
39:56 Imperial Age
37:32 Fletching
38:36 Bloodlines
39:21 Scale Barding Armor
39:26 Forging
40:08 Husbandry
41:10 Conscription
41:03 Caravan
43:02 Sipahi
42:03 Elite Janissary
43:37 Ring Archer Armor
46:53 Bodkin Arrow
56:04 Hand Cart
60:10 Chain Barding Armor
60:27 Iron Casting
60:29 Artillery
61:50 Plate Barding Armor
_MZTK_SIRO_
11:12 Feudal Age
10:56 Loom
15:34 Castle Age
13:24 Double-Bit Axe
14:28 Horse Collar
17:15 Fervor
17:50 Wheelbarrow
17:17 Town Watch
20:12 Sanctity
24:08 Ballistics
24:54 Bow Saw
25:49 Heavy Plow
26:48 Pikeman
27:28 Squires
27:14 Arson
31:27 Imperial Age
30:54 Chemistry
30:06 Fortified Wall
30:39 Murder Holes
30:55 Masonry
31:02 Wagenburg Tactics
31:08 Scale Mail Armor
31:19 Forging
33:24 Chain Mail Armor
33:44 Iron Casting
35:22 Padded Archer Armor
35:12 Fletching
35:54 Plate Mail Armor
36:25 Blast Furnace
41:04 Two-Man Saw
45:00 Hand Cart
45:21 Hand Cart
50:06 Halberdier
58:17 Town Patrol
MZTK | GaboxNet .i.
10:35 Feudal Age
14:31 Castle Age
13:51 Horse Collar
15:15 Loom
16:27 Double-Bit Axe
18:41 Bow Saw
23:58 Wheelbarrow
24:08 Heavy Plow
30:01 Imperial Age
29:53 Hand Cart
31:55 Scale Barding Armor
32:01 Forging
32:09 Light Cavalry
32:59 Bloodlines
32:50 Husbandry
33:36 Chain Barding Armor
37:18 Iron Casting
36:52 Heavy Scorpion
42:45 Conscription
42:46 Drill
42:22 Capped Ram
45:34 Coinage
45:16 Siege Ram
48:22 Hussar
51:12 Elite Mangudai
57:35 Fletching
57:46 Padded Archer Armor
58:53 Blast Furnace
60:19 Parthian Tactics
61:11 Bodkin Arrow
Pancho
11:05 Feudal Age
16:19 Castle Age
16:02 Double-Bit Axe
16:10 Gold Mining
18:30 Scale Barding Armor
19:39 Husbandry
22:53 Loom
33:30 Imperial Age
31:37 Wheelbarrow
30:48 Town Watch
31:18 Fortified Wall
31:04 Murder Holes
33:08 Chain Barding Armor
32:59 Forging
33:05 Bow Saw
33:32 Gold Shaft Mining
32:47 Stone Mining
34:10 Cavalier
35:35 Plate Barding Armor
36:10 Paladin
37:41 Iron Casting
37:47 Fletching
38:34 Treadmill Crane
39:05 Masonry
38:27 Elite Skirmisher
42:04 Conscription
46:53 Light Cavalry
47:38 Caravan
48:06 Hand Cart
47:52 Town Patrol
57:44 Pikeman
58:25 Squires
58:10 Arson
61:18 Architecture
NT Alejo Simmental
11:06 Feudal Age
14:50 Castle Age
13:06 Double-Bit Axe
14:14 Wheelbarrow
21:57 Horse Collar
22:07 Loom
24:20 Gold Mining
24:36 Heavy Plow
29:27 Imperial Age
26:55 Stone Mining
27:39 Bloodlines
27:29 Husbandry
28:30 Forging
28:26 Scale Barding Armor
28:12 Fletching
28:47 Sanctity
29:42 Stone Shaft Mining
29:42 Gold Shaft Mining
29:25 Hand Cart
29:47 Iron Casting
29:36 Devotion
31:00 Crop Rotation
30:46 Bow Saw
30:59 Chain Barding Armor
30:09 Heavy Camel Rider
31:23 Bodkin Arrow
31:30 Murder Holes
33:23 Plate Barding Armor
33:15 Town Watch
34:38 Chemistry
36:23 Elite Shrivamsha Rider
36:35 Onager
37:30 Kshatriyas
39:44 Conscription
40:05 Frontier Guards
40:21 Hoardings
41:37 Padded Archer Armor
42:03 Ballistics
43:39 Elite Chakram Thrower
46:20 Elite Chakram Thrower
51:36 Siege Elephant
52:20 Light Cavalry
54:46 Hussar
58:50 Masonry
Connection lost

Rejoining the realm…

Still unreachable

The connection could not be restored.

Session expired

The server has moved on; the page needs a fresh start.